 Dungeon Crawl Stone Soup version 0.30-a0-371-gad7725a93e (webtiles) character file.

Game seed: 7293795968682927095

356 Shayle the Trooper (level 6, 0/51 HPs)
             Began as a Demonspawn Reaver on Nov 22, 2022.
             Slain by a necrophage (4 damage)
             ... on level 5 of the Dungeon.
             The game lasted 00:06:06 (2275 turns).

Shayle the Trooper (Demonspawn Reaver)              Turns: 2275, Time: 00:06:07

Health: 0/51       AC:  9    Str: 12    XL:     6   Next: 36%
Magic:  9/9        EV: 11    Int: 17    God:
Gold:   103        SH:  3    Dex: 11    Spells: 8/9 levels left

rFire   . . .      SeeInvis .    a - +0 hand axe
rCold   . . .      Faith    .    m - +0 buckler
rNeg    . . .      Spirit   .    f - +2 ring mail {rPois}
rPois   +          Reflect  .    (helmet restricted)
rElec   .          Harm     .    l - +0 cloak
rCorr   .          Rampage  .    (no gloves)
Will    .....                    c - +0 pair of boots
Stlth   +.........               (no amulet)
HPRegen 0.28/turn                g - ring of wizardry
MPRegen 0.11/turn                (no ring)

@: no status effects
A: antennae 2, demonic guardian 1, foul stench 1
a: no special abilities


You were on level 5 of the Dungeon.
You visited 1 branch of the dungeon, and saw 4 of its levels.

You collected 103 gold pieces.

Inventory:

Hand Weapons
 a - a +0 hand axe (weapon)
Armour
 b - a +0 leather armour
 c - a +0 pair of boots (worn)
 f - a +2 ring mail of poison resistance (worn)
 l - a +0 cloak (worn)
 m - a +0 buckler (worn)
Jewellery
 g - a ring of wizardry (left hand)
 o - a ring of fire
Wands
 s - a wand of acid (5)
Scrolls
 d - a scroll of enchant weapon {unknown}
 e - a scroll of immolation
 h - 5 scrolls of identify
 j - a scroll of torment
 n - a scroll of teleportation
 p - a scroll of butterflies
Potions
 i - a potion of brilliance {unknown}
 r - a potion of degeneration {unknown}


   Skills:
 + Level 5.0 Fighting
 - Level 2.6 Axes
 + Level 4.5 Dodging
 - Level 2.0 Spellcasting
 - Level 3.0 Conjurations


You had 8 spell levels left.
You knew the following spells:

 Your Spells              Type           Power      Damage    Failure   Level
a - Kiss of Death         Conj/Necr      24%        2d7       13%         1

Your spell library contained the following spells:

 Spells                   Type           Power      Damage    Failure   Level
 Momentum Strike          Conj/Tloc      12%        3d8       21%         2
 Hailstorm                Conj/Ice       6%         3d4       36%         3


Dungeon Overview and Level Annotations

Branches:
Dungeon (5/15)
 Temple: D:4-7

Altars:
Ru

Shops:
D:5 [

Annotations:
D:3 Ijyb


Innate Abilities, Weirdness & Mutations

You have a pair of antennae on your head.
A weak demonic guardian rushes to your aid.
You may rarely emit foul miasma when damaged in melee.


Message History

The black bear bites you but does no damage.
The black bear barely misses you. The black bear misses you.
You block the black bear's attack. The black bear misses you.
The black bear barely misses you. The necrophage barely misses you.
You hit the black bear but do no damage.
The black bear is severely wounded.
You barely miss the necrophage. The necrophage barely misses you.
The black bear bites you. The black bear misses you.
The black bear claws you but does no damage.
Unknown command.
You hit the black bear but do no damage.
The black bear is severely wounded.
You closely miss the necrophage.
The necrophage hits you but does no damage.
The black bear bites you but does no damage.
The black bear claws you but does no damage. x2
Unknown command.
You hit the black bear.
The black bear is almost dead.
You hit the necrophage but do no damage.
The necrophage barely misses you.
The black bear goes berserk!
Unknown command.
You hit the black bear.
The black bear is almost dead.
You hit the necrophage but do no damage.
The black bear bites you!
* * * LOW HITPOINT WARNING * * *
A demonic guardian appears!
The black bear claws you but does no damage. x2
The necrophage hits you but does no damage.
The black bear bites you!
* * * LOW HITPOINT WARNING * * *
The black bear barely misses you. The black bear misses you.
The necrophage hits you but does no damage.
Unknown command.
It was a potion of cancellation.
You feel magically purged. The black bear completely misses you.
You block the black bear's attack.
The black bear barely misses you. x3; The black bear closely misses you.
The necrophage hits you.
You die...

#.##.# #....#.....##..
#.##.## ##...##........
#..#[.# #.......#.##
##.∩.∩# ##...#.#....
##...# #....#...) #∩.∩#
#.......# ##.##
###.###..###.. #.#
##....##....... #.#
#...(.h@....## #.#
#.##.$##n5..?.. #.#
#...........##. #.#
#.........#....
#.####..............
#..##...............
#.........<.........
#####...#........(.....
.....†.......####......


You could see a black bear (berserk), a necrophage (ally target) and a friendly
white imp (summoned).

Vanquished Creatures
  Grinder (D:5)
  2 hounds (D:5)
  3 adders
  3 dart slugs
  7 ball pythons
  3 bats
  5 endoplasms
  A giant cockroach (D:1)
  4 goblins
  4 hobgoblins
  5 quokkas
  A frilled lizard (D:1)
  7 kobolds
  6 rats
52 creatures vanquished.

Notes
Turn   | Place    | Note
-------+----------+-------------------------------------------
     0 | D:1      | Shayle the Demonspawn Reaver began the quest for the Orb.
     0 | D:1      | Reached XP level 1. HP: 16/16 MP: 3/3
   257 | D:1      | Gained mutation: You have a pair of small antennae on your
                  | head. [demonic ancestry]
   257 | D:1      | Reached XP level 2. HP: 23/23 MP: 5/5
   341 | D:1      | Found a faded altar of an unknown god.
  1151 | D:2      | Gained mutation: You may rarely emit foul miasma when
                  | damaged in melee. [demonic ancestry]
  1151 | D:2      | Reached XP level 3. HP: 28/28 MP: 6/6
  1296 | D:2      | Found a sacrificial altar of Ru.
  1302 | D:2      | Reached skill level 3 in Fighting
  1984 | D:3      | Gained mutation: A weak demonic guardian rushes to your
                  | aid. [demonic ancestry]
  1984 | D:3      | Reached XP level 4. HP: 31/35 MP: 7/7
  2132 | D:3      | Noticed Ijyb
  2133 | D:3      | You fall into a shaft and drop 2 floors!
  2133 | D:5      | Entered Level 5 of the Dungeon
  2157 | D:5      | Noticed Grinder
  2165 | D:5      | Killed Grinder
  2166 | D:5      | Reached skill level 4 in Fighting
  2166 | D:5      | Gained mutation: You have a pair of antennae on your head.
                  | [demonic ancestry]
  2166 | D:5      | Reached XP level 5. HP: 43/43 MP: 8/8
  2166 | D:5      | Reached XP level 6. HP: 49/49 MP: 9/9
  2211 | D:5      | Found Vucvudghy's Antique Armour Shoppe.
  2270 | D:5      | Reached skill level 5 in Fighting
  2275 | D:5      | Slain by a necrophage

Illustrated notes

Levels and vault maps discovered:
D:1:      matt_arrival_los_fun, layout_basic, chequers_ecumenical_altar_simple
D:2:      layout_basic, basic_altar
D:3:      layout_basic, uniq_terence, uniq_ijyb
D:5:      layout_rooms, minmay_temple_entry_proselytizer, serial_shops,
          nicolae_shop_competitors_out_of_business, kennysheep_path_1,
          uniq_grinder

Skill      XL: |  1  2  3  4  5  6 |
---------------+-------------------+-----
Dodging        | 2 3 4 |  4.5
Fighting       | 3 4 5 |  5.0
Axes           | |  2.6
Spellcasting   | |  2.0
Conjurations   | |  3.0

Action                   |  1- 3 |  4- 6 || total
-------------------------+-------+-------++-------
Melee: Hand axe          |   127 |    48 ||   175
       Punch             |     2 |       ||     2
Evoke: Wand              |       |     4 ||     4
  Use: Scroll            |     6 |       ||     6
       Potion            |       |     2 ||     2
Armor: Leather armour    |     5 |       ||     5
       Ring mail         |    67 |    54 ||   121
Dodge: Dodged            |    76 |    63 ||   139
Block: Buckler           |     4 |    12 ||    16

Table legend: (Time is in decaauts)
 A = Elapsed time spent in this place.
 B = Non-inter-level travel time spent in this place.
 C = Inter-level travel time spent in this place.
 D = Time resting spent in this place.
 E = Time spent auto-exploring this place.
 F = Levels seen in this place.
 G = Mean time per level.
                   A        B        C        D        E       F      G
               +--------+--------+--------+--------+--------+-----+--------+
         Total |   2306 |   2182 |    124 |      2 |   1611 |   4 |  576.5 |
       Dungeon |   2306 |   2182 |    124 |      2 |   1611 |   4 |  576.5 |
               +--------+--------+--------+--------+--------+-----+--------+

Top non-repeatable levels by time:
     D:1: 1147 daAuts
     D:2: 761 daAuts
     D:3: 249 daAuts
     D:5: 148 daAuts
